AoeStats
← Fallout

African Clearing

510868884Analyzed
4v4 RM · 17h ago on Oct 2, 2026· 36m 44s· 8 players
Game mode
Random Map
Map size
Large (8 player)
Population
200
Speed
Normal
Resources
Standard
Victory
Conquest
Starting age
Dark Age
Ending age
Imperial Age
RankedLock teamsTeams togetherTeam positionsShared explorationLock speedFull tech treeHidden civsTurbo modeCheats
Victory
Defeat
🇺🇸 Inca · United States
1763
+10
🇨🇱 Lithuanians · Chile
1681
+13
🇷🇴 Ethiopians · Romania
1679
+13
🇸🇻 Vikings · El Salvador
1644
+14
🇬🇧 Gurjaras · United Kingdom
1714
-17
🇺🇸 Malay · United States
1660
-14
🇺🇸 Muisca · United States
1587
-11
🇺🇸 Mapuche · United States
1481
-8
RohanAoE
3:43 Loom
13:57 Feudal Age
14:30 Feudal Age
17:58 Castle Age
30:56 Horse Collar
35:50 Fletching
38:59 Imperial Age
Robertmeister
4:56 Loom
12:27 Feudal Age
16:18 Castle Age
15:07 Double-Bit Axe
17:13 Bow Saw
20:09 Horse Collar
21:01 Heavy Plow
27:53 Arson
29:56 Forging
37:31 Imperial Age
VL LocoBarry
12:24 Feudal Age
11:37 Loom
16:38 Castle Age
15:14 Double-Bit Axe
15:59 Horse Collar
16:12 Stone Mining
18:13 Scale Barding Armor
18:45 Bow Saw
22:32 Scale Barding Armor
22:40 Bow Saw
28:12 Husbandry
28:49 Bloodlines
29:41 Heavy Plow
30:27 Chain Barding Armor
33:12 Wheelbarrow
33:53 Forging
34:14 Gold Mining
38:24 Imperial Age
37:16 Hand Cart
Scotty
9:09 Loom
11:47 Feudal Age
12:31 Double-Bit Axe
17:16 Fletching
21:15 Castle Age
19:38 Stone Mining
22:22 Bow Saw
23:56 Horse Collar
29:10 Wheelbarrow
29:50 Town Watch
30:01 Gold Mining
30:17 Heavy Plow
31:22 Hand Cart
35:33 Imperial Age
34:21 Gold Shaft Mining
33:58 Padded Archer Armor
34:13 Bodkin Arrow
35:26 Ballistics
35:26 Leather Archer Armor
34:33 Crossbowman
35:19 Thumb Ring
35:49 Arbalester
36:30 Bracer
38:05 Chemistry
Jaxto
4:17 Loom
12:07 Feudal Age
11:31 Man-at-Arms
18:04 Double-Bit Axe
18:10 Arson
24:16 Castle Age
23:30 Forging
YOGRANNYCANTSCRAP
3:54 Loom
14:47 Feudal Age
22:13 Castle Age
21:07 Fletching
26:05 Castle Age
Thundernips, The Ultimate Gigolo
13:16 Feudal Age
16:02 Loom
18:35 Castle Age
16:57 Double-Bit Axe
17:02 Fishing Lines
18:48 Town Watch
19:40 Wheelbarrow
18:51 Town Watch
20:49 Bow Saw
21:12 Horse Collar
31:03 Scale Mail Armor
31:14 Forging
34:08 Imperial Age
34:59 Chain Mail Armor
35:20 Iron Casting
Fallout
9:40 Loom
14:43 Feudal Age
16:27 Scale Barding Armor
16:33 Forging
18:28 Castle Age
16:24 Double-Bit Axe
17:29 Bloodlines
18:04 Scale Barding Armor
27:15 Horse Collar
28:00 Bow Saw
28:50 Heavy Plow
29:10 Stone Mining
29:41 Fletching
30:47 Gold Mining
32:03 Wheelbarrow
31:25 Town Watch
32:48 Bodkin Arrow
33:27 Padded Archer Armor
33:32 Husbandry
36:51 Imperial Age
35:48 Forging
Connection lost

Rejoining the realm…

Still unreachable

The connection could not be restored.

Session expired

The server has moved on; the page needs a fresh start.